 Dungeon Crawl Stone Soup version 0.21.1-1-g345015f (webtiles) character file.

1786 Inchmeat the Fighter (level 9, -2/93 HPs)
             Began as a Gargoyle Earth Elementalist on June 3, 2018.
             Was a Believer of Zin.
             Slain by an orc warrior
             ... wielding a +0 short sword
              (11 damage)
             ... on level 6 of the Dungeon.
             The game lasted 00:11:29 (6370 turns).

Inchmeat the Fighter (Gargoyle Earth Elementalist)  Turns: 6370, Time: 00:11:30

Health: -2/93      AC: 12    Str: 22    XL:     9   Next: 8%
Magic:  11/12      EV: 11    Int: 18    God:    Zin [**....]
Gold:   44         SH:  0    Dex: 12    Spells: 8/12 levels left

rFire    + . .     SeeInvis .   C - +1 mace (protect)
rCold    . . .     Gourm    +   (no shield)
rNeg     + . .     Faith    .   s - +0 ring mail {rF+}
rPois    ∞         Spirit   .   (no helmet)
rElec    +         Reflect  .   m - +0 cloak
rCorr    .         Harm     .   (no gloves)
MR       +....                  (no boots)
Stlth    ..........             z - amulet of the gourmand
HPRegen  0.25/turn              a - ring of protection from magic
MPRegen  0.13/turn              (no ring)

@: berserking, vitalised, very slightly contaminated, invisible, very quick
A: negative energy resistance 1, electricity resistance, unbreathing,
petrification resistance, rot immunity, AC +6
a: Recite, Vitalisation, Donate Gold, Renounce Religion


You were on level 6 of the Dungeon.
You worshipped Zin.
Zin was pleased with you.
You were not hungry.

You visited 1 branch of the dungeon, and saw 6 of its levels.

You collected 294 gold pieces.
You spent 221 gold pieces at shops.
You donated 29 gold pieces to Zin.

Inventory:

Hand Weapons
 f - a +0 whip
 h - a +2 dagger of speed
 u - a cursed +0 war axe
 C - a +1 mace of protection (weapon)
 E - a +0 scimitar of electrocution
Missiles
 b - 110 stones (quivered)
Armour
 j - a +0 chain mail
 m - a +0 cloak (worn)
 n - a +0 leather armour
 s - a +0 ring mail of fire resistance (worn)
Jewellery
 a - a ring of protection from magic (left hand)
 y - an uncursed ring of ice
 z - an amulet of the gourmand (around neck)
Wands
 t - a wand of disintegration (15)
Scrolls
 c - 3 scrolls of identify {@r1}
 o - 2 scrolls of remove curse {@r2}
Potions
 g - a potion of magic {unknown}
 i - a potion of might {unknown}
 k - 2 potions of degeneration {unknown}
 l - a potion of curing {unknown}
 p - a potion of brilliance {unknown}
 q - 2 potions of lignification {unknown}
 v - a potion of cancellation {unknown}
 A - a potion of ambrosia {unknown}
Books
 e - a book of Geomancy

   Spells                             Type                      Level
   a - Sandblast                      Earth                        1
   b - Passwall                       Transmutation/Earth          2
   c - Stone Arrow                    Conjuration/Earth            3
   d - Petrify                        Transmutation/Earth          4
   e - Lee's Rapid Deconstruction     Earth                        5
 B - a book of Misfortune

   Spells                             Type                      Level
   a - Confusing Touch                Hexes                        1
   b - Confuse                        Hexes                        3
   c - Gell's Gravitas                Translocation                3
   d - Petrify                        Transmutation/Earth          4
   e - Metabolic Englaciation         Hexes/Ice                    5
   f - Yara's Violent Unravelling     Hexes/Transmutation          5
Comestibles
 d - 13 rations


   Skills:
 - Level 10.2 Fighting
 * Level 4.9 Maces & Flails
 - Level 1.5 Dodging
 - Level 2.1 Stealth
 - Level 2.0 Spellcasting
   Level 0.7 Transmutations
 - Level 3.6 Earth Magic
 - Level 4.0 Invocations


You had 8 spell levels left.
You knew the following spells:

 Your Spells              Type           Power        Failure   Level  Hunger
a - Sandblast             Erth           ##....       7%          1    #......
b - Stone Arrow           Conj/Erth      #.....       38%         3    ###....


Dungeon Overview and Level Annotations

Branches:
Dungeon (6/15)             Temple (0/1) D:6

Altars:
Ru
Vehumet
Wu Jian
Zin

Shops:
D:4 *   D:5 (   D:6 (

Annotations:
D:3 Naiya55's ghost, amateur GrEE


Innate Abilities, Weirdness & Mutations

You are resistant to torment.
Your stone body is resilient. (AC +6)
You are immune to poison.
You resist negative energy. (rN+)
You are resistant to electric shocks. (rElec)
You can survive without breathing.
You are immune to petrification.
You are immune to rotting.


Message History

Ye catch tha helpless orc warrior completely off-guard!
Ye hit tha orc warrior.
Tha orc warrior be severely wounded.
Tha orc warrior hits ye wit' a short sword.
* * * LOW HITPOINT WARNIN'
* * * Tha orc closely misses ye.
Tha orc warrior hits ye wit' a short sword.
* * * LOW HITPOINT WARNIN'
* * * Ye strike tha helpless orc warrior from behind!
Ye hit tha orc warrior but do nay damage.
Tha orc warrior be severely wounded.
Tha orc closely misses ye.
Tha orc warrior hits ye wit' a short sword.
* * * LOW HITPOINT WARNIN'
* * * Unknown command.
It was a potion o' berserk rage.
A red film seems ta co'er yer vision as ye go berserk!
Ye feel yerself movin' faster!
Ye feel mighty!
Tha orc warrior hits ye wit' a short sword!
Ye die...

#. #.## #.... #.
#.# #.... #.# #.)..
#.# #.∩.. #.# #.>..
#.# #.... #.##
##### #..# #....
##@# #####.### #o#
#........ ##o#
#####.###.... #..#
#.....# #..#. #.##
#.#######..## #.#
#.##.........
#.#####.##.########
#.......##.#
##..######.#


You could see an orc warrior and an orc (blind).

Vanquished Creatures
  Sigmund (D:4)
  Menkaure (D:6)
  2 phantoms
  A sky beast (D:5)
  4 ogres
  A centaur (D:5)
  A howler monkey (D:4)
  A bullfrog zombie (D:5)
  3 crimson imps (D:5)
  2 bullfrog skeletons
  An orc priest (D:6)
  6 hounds
  An orc wizard (D:6)
  An iguana (D:4)
  4 worker ants
  3 gnolls (D:6)
  A howler monkey skeleton (D:6)
  8 adders
  2 oozes
  An adder zombie (D:5)
  3 adder skeletons
  4 worms
  A dart slug (D:4)
  4 leopard geckos
  7 orcs
  5 giant cockroaches
  5 goblins
  8 hobgoblins
  4 jackals
  8 kobolds
  2 quokkas
  4 ball pythons
  7 bats
  3 frilled lizards
  A jackal skeleton (D:5)
  5 rats
116 creatures vanquished.

Notes
Turn   | Place    | Note
-------+----------+-------------------------------------------
     0 | D:1      | Inchmeat the Gargoyle Earth Elementalist began the quest for the Orb.
     0 | D:1      | Reached XP level 1. HP: 10/10 MP: 3/3
    14 | D:1      | Reached skill level 1 in Fighting
    39 | D:1      | Reached XP level 2. HP: 7/17 MP: 0/5
   394 | D:1      | Reached skill level 2 in Fighting
   706 | D:1      | Reached XP level 3. HP: 22/22 MP: 6/6
   745 | D:1      | Reached skill level 3 in Fighting
  1147 | D:2      | Reached XP level 4. HP: 7/29 MP: 7/7
  1540 | D:1      | Learned a level 3 spell: Stone Arrow
  1630 | D:2      | You fall through a shaft!
  1698 | D:3      | Reached skill level 4 in Fighting
  1793 | D:3      | Noticed Naiya55's ghost (amateur GrEE)
  1886 | D:4      | Found a glowing silver altar of Zin.
  1889 | D:4      | Became a worshipper of Zin the Law-Giver
  1889 | D:4      | Reached * piety under Zin
  1913 | D:4      | Noticed Sigmund
  1926 | D:4      | Killed Sigmund
  1926 | D:4      | Reached skill level 6 in Fighting
  1926 | D:4      | Reached XP level 5. HP: 8/37 MP: 0/8
  1926 | D:4      | Reached XP level 6. HP: 9/42 MP: 0/9
  2516 | D:4      | Reached skill level 1 in Invocations
  2517 | D:4      | Reached skill level 7 in Fighting
  2920 | D:4      | Found a radiant altar of Vehumet.
  2930 | D:4      | Reached XP level 7. HP: 46/48 MP: 8/10
  2945 | D:4      | Found a sacrificial altar of Ru.
  2947 | D:4      | Found an ornate altar of the Wu Jian Council.
  2998 | D:4      | Found Isoepp's Elemental Accessories.
  3394 | D:4      | Reached skill level 8 in Fighting
  3652 | D:5      | Entered Level 5 of the Dungeon
  3685 | D:5      | Reached XP level 8. HP: 42/55 MP: 3/11
  3780 | D:5      | Reached ** piety under Zin
  3807 | D:5      | Reached skill level 9 in Fighting
  4216 | D:5      | Reached skill level 10 in Fighting
  4644 | D:5      | Found Bexzur's Weapon Boutique.
  4796 | D:6      | Noticed Menkaure
  4807 | D:6      | Killed Menkaure
  5168 | D:6      | Reached XP level 9. HP: 62/62 MP: 0/12
  6129 | D:6      | Found a sacrificial altar of Ru.
  6178 | D:6      | Reached *** piety under Zin
  6215 | D:6      | Found Zoidaryzxe's Antique Weapon Emporium.
  6223 | D:6      | Bought a fine flail for 221 gold pieces
  6223 | D:6      | Identified the +4 flail "Coaxteme" {pain, -Tele rElec rF+} (You bought it in a shop on level 6 of the Dungeon)
  6289 | D:6      | Found a staircase to the Ecumenical Temple.
  6370 | D:6      | Slain by an orc warrior

Skill      XL: |  1  2  3  4  5  6  7  8 |
---------------+-------------------------+-----
Fighting       | 1 2 3 6 7 8 10 | 10.2
Invocations    | 1 3 4 |  4.0
Maces & Flails | 4 |  4.9
Dodging        | |  1.5
Stealth        | |  2.1
Spellcasting   | |  2.0
Transmutations | |  0.7
Earth Magic    | |  3.6

Action                   |  1- 3 |  4- 6 |  7- 9 || total
-------------------------+-------+-------+-------++-------
Melee: Unarmed           |     2 |       |       ||     2
       Whip              |    25 |       |       ||    25
       Dagger            |   105 |   132 |   272 ||   509
       Mace              |       |       |   165 ||   165
 Cast: Sandblast         |     9 |    19 |    88 ||   116
Invok: Recite            |       |       |     3 ||     3
       Vitalisation      |       |       |     1 ||     1
  Use: Scroll            |     2 |       |     6 ||     8
       Potion            |       |       |     2 ||     2
 Stab: Sleeping          |     1 |     1 |       ||     2
       Invisible         |       |       |     3 ||     3
       Paralysed         |       |       |     1 ||     1
  Eat: Chunk             |       |     7 |    13 ||    20
Armor: Robe              |    35 |       |       ||    35
       Leather armour    |       |    62 |       ||    62
       Ring mail         |       |       |   261 ||   261
Dodge: Dodged            |    80 |    78 |   237 ||   395
